 Dungeon Crawl Stone Soup version 0.28.0 (webtiles) character file.

Game seed: 3529026993690721656

1410 HilariousDeathArtist the Fighter (level 8, -2/75 HPs)
             Began as a Barachi Necromancer on Feb 14, 2022.
             Was a Believer of Trog.
             Slain by a sky beast (6 damage)
             ... on level 6 of the Dungeon.
             The game lasted 00:08:52 (6439 turns).

HilariousDeathArtist the Fighter (BaNe)             Turns: 6439, Time: 00:08:52

Health: -2/75      AC:  6    Str: 12    XL:     8   Next: 70%
Magic:  11/11      EV: 12    Int: 15    God:    Trog [**....]
Gold:   157        SH:  0    Dex: 13    Spells: 11/11 levels left

rFire   + . .      SeeInvis .   a - +2 halberd (vamp)
rCold   . . .      Faith    .   (shield currently unavailable)
rNeg    . . .      Spirit   .   r - +1 leather armour {rF+}
rPois   .          Reflect  .   f - +2 hat
rElec   .          Harm     .   (no cloak)
rCorr   .          Rampage  .   (no gloves)
Will    .....                   (no boots)
Stlth   ++........              (no amulet)
HPRegen 0.22/turn               A - ring of flight {+Fly, !d}
MPRegen 0.12/turn               (no ring)

@: on berserk cooldown, flying, slowed, very slow
A: amphibious, slowness 1, strong legs 1, +LOS
a: Hop, Renounce Religion, Berserk, Trog's Hand


You were on level 6 of the Dungeon.
You worshipped Trog.
Trog was pleased with you.
You visited 1 branch of the dungeon, and saw 6 of its levels.
You also visited: Sewer.

You collected 157 gold pieces.

Inventory:

Hand Weapons
 a - a +2 vampiric halberd (weapon)
   (You took it off a gnoll on level 5 of the Dungeon)
 b - a +0 spectral war axe
   (You took it off an orc on level 3 of the Dungeon)
 d - a +0 club
   (You found it on level 1 of the Dungeon)
 n - a +0 dagger
   (You took it off a goblin on level 1 of the Dungeon)
Missiles
 c - 43 bolts
 h - 15 arrows
 k - 2 throwing nets {!d}
 o - 3 curare-tipped darts
 s - 160 stones
 z - 17 sling bullets
Armour
 e - a +0 scale mail
   (You found it on level 1 of the Dungeon)
 f - a +2 hat (worn)
   (You found it on level 2 of the Dungeon)
 r - a +1 leather armour of fire resistance (worn)
   (You took it off Ijyb on level 4 of the Dungeon)
 y - a +0 buckler
   (You found it on level 5 of the Dungeon)
Jewellery
 A - a ring of flight (left hand) {+Fly, !d}
   (You found it on level 6 of the Dungeon)
Wands
 i - a wand of iceblast (3)
   (You took it off Ijyb on level 4 of the Dungeon)
 q - a wand of flame (25)
   (You found it on level 5 of the Dungeon)
Scrolls
 g - a scroll of enchant armour
 j - 2 scrolls of identify {@r1}
 u - a scroll of magic mapping {unknown}
 Y - 3 scrolls of teleportation {@r3}
Potions
 l - 2 potions of attraction {unknown}
 m - a potion of mutation {unknown}
 p - 3 potions of might {unknown}
 t - 2 potions of invisibility {unknown}
 v - a potion of brilliance {unknown}
 w - a potion of heal wounds {unknown}
 x - a potion of cancellation {unknown}
 G - a potion of ambrosia {!q}
 H - 2 potions of haste
 J - 3 potions of curing {@q1}


   Skills:
 - Level 11.1 Fighting
 + Level 4.2 Polearms
 - Level 2.1 Dodging
 - Level 1.7 Stealth
 - Level 2.1 Spellcasting
 - Level 3.6 Necromancy


You had 11 spell levels left.
You didn't know any spells.
Your spell library contained the following spells:

 Spells                   Type           Power      Damage    Failure   Level
 Animate Skeleton         Necr           24%        N/A       6%          1
 Pain                     Necr           48%        1d6       6%          1
 Vampiric Draining        Necr           12%        2d6       19%         3
 Animate Dead             Necr           6%         N/A       54%         4
 Agony                    Necr           12%        N/A       87%         5


Dungeon Overview and Level Annotations

Branches:
Dungeon (6/15)              Sewer (visited)
 Temple: D:4-7

Altars:
Trog
Vehumet

Shops:
D:1 *   D:4 [

Annotations:
D:5 3 runed translucent doors, bmoney's ghost, amateur DjCj


Innate Abilities, Weirdness & Mutations

You are amphibious.
You cover ground slowly.
You can hop short distances.
You have an extended range of vision and can be seen from far away.


Message History

The centaur skeleton barely misses you. x2
You puncture the centaur skeleton!
You feel yourself speed up.
The centaur skeleton closely misses you.
The centaur skeleton kicks you but does no damage.
The centaur skeleton hits you.
The centaur skeleton kicks you but does no damage.
You take 1 damage, and have 64/75 hp.
You puncture the centaur skeleton!
You destroy the centaur skeleton!
Trog accepts your kill.
No target in view!
No target in view!
No target in view!
No target in view!
No target in view!
No target in view!
No target in view!
No target in view!
You recover from your berserk rage.
Y - 3 scrolls of teleportation {@r3} (gained 1)
A scorpion comes into view.
Health restored: 75 A scorpion is nearby!
A scorpion is nearby!
A sky beast comes into view.
Found a radiant altar of Vehumet.
The sky beast flickers out of sight!
Deactivating autopickup; reactivate with Ctrl-A.
A sky beast appears from thin air!
Reactivating autopickup.
You puncture the scorpion! The scorpion barely misses you.
The scorpion misses you.
You hit the scorpion.
The sky beast flickers out of sight!
Deactivating autopickup; reactivate with Ctrl-A.
Something hits you but does no damage. The scorpion closely misses you.
You barely miss the scorpion. Something hits you but does no damage.
The scorpion barely misses you. Something hits you. Something shocks you.
The scorpion stings you.
You take 13 damage, and have 62/75 hp.
You hit the scorpion. The scorpion stings you.
You are poisoned.
The scorpion poisons you! Something hits you. Something shocks you.
You take 12 damage, and have 50/75 hp.
Unknown command.
A red film seems to cover your vision as you go berserk!
You feel yourself moving faster!
You feel mighty!
You feel very sick. The scorpion stings you.
A sky beast appears from thin air!
Reactivating autopickup.
The sky beast barely misses you.
You now have 71/112 hp.
You slash the scorpion!
You kill the scorpion!
Trog accepts your kill.
You feel sick. The sky beast hits you. The sky beast shocks you.
Your Polearms skill increases to level 4!
You take 8 damage, and have 63/112 hp.
You barely miss the sky beast.
You feel sick.
You take 2 damage, and have 61/112 hp.
You closely miss the sky beast.
You feel sick. The sky beast hits you. The sky beast shocks you.
You take 10 damage, and have 51/112 hp.
You barely miss the sky beast.
You feel sick. The sky beast hits you. The sky beast shocks you.
You take 9 damage, and have 42/112 hp.
You barely miss the sky beast.
You feel sick.
The sky beast hits you but does no damage.
You take 1 damage, and have 41/112 hp.
You barely miss the sky beast. The sky beast barely misses you.
You slash the sky beast!
You feel sick. The sky beast barely misses you.
You puncture the sky beast!
You feel better.
You feel sick.
You closely miss the sky beast.
You feel sick.
You are no longer poisoned.
The sky beast closely misses you.
You take 1 damage, and have 40/112 hp.
You barely miss the sky beast. The sky beast barely misses you.
You barely miss the sky beast.
You are no longer berserk.
You are exhausted.
You feel yourself slow down. The sky beast hits you. The sky beast shocks you.
* * * LOW HITPOINT WARNING * * *
You now have 21/75 hp.
You hit the sky beast but do no damage. The sky beast hits you.
* * * LOW HITPOINT WARNING * * *
The sky beast shocks you.
* * * LOW HITPOINT WARNING * * *
The sky beast hits you but does no damage.
You take 9 damage, and have 12/75 hp.
You hit the sky beast.
The sky beast hits you but does no damage.
The sky beast hits you.
* * * LOW HITPOINT WARNING * * *
The sky beast shocks you.
* * * LOW HITPOINT WARNING * * *
You take 6 damage, and have 6/75 hp.
You barely miss the sky beast. The sky beast hits you.
* * * LOW HITPOINT WARNING * * *
The sky beast shocks you.
You die...

#.# ## #.# .###.##
### ###
......####### #..
... #
####.........###..
..# .#
###..#######.
.[!###.###.#
#.....#
#...#...#..
#.###.#
#.†..._.... #. #.#
#.@Y# ..# . ##.##
##.###.## # #...#
#..#...#..# #.#.##
#.........#
#..#..##
#....#....#
...###..####
##.### #.# ...#
##....# #.# ..#
##...## #.# .#
+#...####.#


You could see a sky beast.

Vanquished Creatures
  An acid dragon (D:6)
  An ice beast (D:6)
  2 sky beasts
  An ogre (D:5)
  4 kobold brigands (Sewer)
  2 scorpions
  2 orc priests
  A hound (D:5)
  A jelly (D:5)
  2 iguanas (D:5)
  A centaur skeleton (D:6)
  Ijyb (D:4)
  4 orc wizards
  A hound skeleton (D:4)
  Robin (D:2)
  A howler monkey skeleton (D:5)
  3 gnolls (D:5)
  2 adders
  A worm (D:3)
  A dart slug (D:5)
  9 orcs
  7 bats
  4 endoplasms
  11 giant cockroaches
  15 goblins
  18 hobgoblins
  2 jackals (D:3)
  7 quokkas
  12 ball pythons
  9 frilled lizards
  14 kobolds
  9 rats
150 creatures vanquished.

Vanquished Creatures (others)
  A plant (Sewer)
1 creature vanquished.

Grand Total: 151 creatures vanquished

Notes
Turn   | Place    | Note
-------+----------+-------------------------------------------
     0 | D:1      | HilariousDeathArtist the Barachi Necromancer began the
                  | quest for the Orb.
     0 | D:1      | Reached XP level 1. HP: 13/13 MP: 3/3
   128 | D:1      | Found a faded altar of an unknown god.
   137 | D:1      | Prayed at the altar of an unknown god.
   137 | D:1      | Became a worshipper of Trog the Wrathful
   137 | D:1      | Reached * piety under Trog
   155 | D:1      | Reached skill level 1 in Fighting
   356 | D:1      | Reached XP level 2. HP: 22/22 MP: 5/5
   359 | D:1      | Reached skill level 2 in Fighting
   970 | D:1      | Found Yhochoku's Assorted Antiques.
  1099 | D:1      | Reached skill level 3 in Fighting
  1121 | D:1      | Reached XP level 3. HP: 29/29 MP: 6/6
  1916 | D:2      | Noticed Robin
  1927 | D:2      | Reached skill level 4 in Fighting
  1936 | D:2      | Killed Robin
  1937 | D:2      | Reached XP level 4. HP: 38/38 MP: 7/7
  2396 | D:2      | Reached ** piety under Trog
  3012 | D:3      | Reached skill level 5 in Fighting
  3028 | D:3      | Reached XP level 5. HP: 44/44 MP: 8/8
  3037 | D:3      | Reached skill level 6 in Fighting
  3648 | D:3      | Noticed a sky beast
  3662 | D:3      | Killed a sky beast
  3663 | D:3      | Reached skill level 7 in Fighting
  3663 | D:3      | Reached XP level 6. HP: 55/55 MP: 9/9
  4022 | D:4      | Noticed Ijyb
  4028 | D:4      | Killed Ijyb
  4244 | D:4      | Found Qamouray's Armour Emporium.
  4385 | D:5      | Entered Level 5 of the Dungeon
  4415 | D:5      | Noticed a sky beast
  4421 | D:5      | Killed a sky beast
  4422 | D:5      | Reached skill level 8 in Fighting
  4491 | D:5      | Reached XP level 7. HP: 53/63 MP: 10/10
  4530 | D:5      | Reached skill level 9 in Fighting
  4540 | D:5      | Found a runed translucent gate.
  4540 | D:5      | Found a runed translucent gate.
  4540 | D:5      | Noticed bmoney's ghost (amateur DjCj)
  4669 | D:5      | Found a glowing drain.
  4686 | D:5      | Reached skill level 10 in Fighting
  4792 | Sewer    | Entered a sewer
  4944 | Sewer    | Reached skill level 1 in Polearms
  4944 | Sewer    | Reached XP level 8. HP: 47/72 MP: 11/11
  5157 | Sewer    | Reached skill level 2 in Polearms
  5813 | D:5      | Found a runed translucent gate.
  6000 | D:6      | HP: 21/106 [ice beast (11)]
  6001 | D:6      | HP: 9/106 [ice beast (10)]
  6007 | D:6      | Reached skill level 3 in Polearms
  6340 | D:6      | Reached skill level 11 in Fighting
  6420 | D:6      | Found a radiant altar of Vehumet.
  6427 | D:6      | Reached skill level 4 in Polearms
  6437 | D:6      | HP: 18/75 [sky beast (3)]
  6438 | D:6      | HP: 6/75 [sky beast (6)]
  6439 | D:6      | Slain by a sky beast

Illustrated notes

Levels and vault maps discovered:
D:1:      tarquinn_simple_flora_water_f, layout_basic,
          hellmonk_ecumenical_altar_zigzags, serial_shops,
          nicolae_shop_competitors_out_of_business
D:2:      layout_basic, uniq_robin
D:3:      layout_loops_ring
D:4:      layout_loops_ring, serial_shops, nicolae_shop_hallway_stairs,
          ebering_ghost_rock_garden, uniq_ijyb
D:5:      layout_basic, portal_sewer_entry_f, gammafunk_ghost_nasty_kobolds,
          hangedman_decor_opposing
D:6:      layout_rooms, vehumet_crystals, tso_metal_star

Skill      XL: |  1  2  3  4  5  6  7  8 |
---------------+-------------------------+-----
Fighting       | 1 3 4 5 7 8 10 11 | 11.1
Polearms       | 1 4 |  4.2
Dodging        | |  2.1
Stealth        | |  1.7
Spellcasting   | |  2.1
Necromancy     | |  3.6

Action                   |  1- 3 |  4- 6 |  7- 9 || total
-------------------------+-------+-------+-------++-------
Melee: Unarmed           |   112 |       |       ||   112
       Dagger            |   116 |   117 |       ||   233
       Punch             |     2 |       |       ||     2
       War axe           |       |    88 |    31 ||   119
       Halberd           |       |       |   123 ||   123
 Cast: Pain              |     4 |       |       ||     4
Invok: Berserk           |     5 |     6 |     8 ||    19
 Abil: Hop               |       |     2 |     1 ||     3
  Use: Scroll            |       |     8 |     2 ||    10
       Potion            |       |     1 |       ||     1
 Stab: Distracted        |       |       |     1 ||     1
       Sleeping          |       |       |     3 ||     3
Armor: Robe              |    10 |       |       ||    10
       Leather armour    |    23 |     5 |    77 ||   105
       Scale mail        |    86 |   111 |       ||   197
Dodge: Dodged            |   148 |   116 |   120 ||   384

Table legend: (Time is in decaauts)
 A = Elapsed time spent in this place.
 B = Non-inter-level travel time spent in this place.
 C = Inter-level travel time spent in this place.
 D = Time resting spent in this place.
 E = Time spent auto-exploring this place.
 F = Levels seen in this place.
 G = Mean time per level.
                   A        B        C        D        E       F      G
               +--------+--------+--------+--------+--------+-----+--------+
         Total |   7334 |   6993 |    341 |   1743 |   3644 |   7 | 1047.7 |
       Dungeon |   6684 |   6343 |    341 |   1596 |   3315 |   6 | 1114.0 |
         Sewer |    649 |    649 |      0 |    147 |    329 |   1 |  649.0 |
               +--------+--------+--------+--------+--------+-----+--------+

Top non-repeatable levels by time:
     D:1: 1715 daAuts
     D:2: 1501 daAuts
     D:3: 1362 daAuts
     D:5: 1228 daAuts
   Sewer: 649 daAuts
     D:6: 487 daAuts
     D:4: 388 daAuts

Table legend:
 A = Kills in this place as a percentage of kills in entire the game.
 B = Kills by you in this place as a percentage of kills by you in the entire game.
 C = Kills by friends in this place as a percentage of kills by friends in the entire game.
 D = Other kills in this place as a percentage of other kills in the entire game.
 E = Experience gained in this place as a percentage of experience gained in the entire game.
 F = Experience gained in this place divided by the number of levels of this place that you have seen.
                   A       B       C       D       E      F
               +-------+-------+-------+-------+-------+----------------------
         Total | 100.0 | 100.0 |   N/A |   N/A | 100.0 | 287.9
       Dungeon |  85.3 |  85.3 |   N/A |   N/A |  79.5 | 266.8
         Sewer |  14.7 |  14.7 |   N/A |   N/A |  20.5 | 414.0
               +-------+-------+-------+-------+-------+----------------------
